 Dungeon Crawl Stone Soup version 0.26-a0-660-gc07710193c (webtiles) character file.

Game seed: 8605158954315779880

12 lunkers the Sneak (level 2, 0/19 HPs)
             Began as a Kobold Delver on Oct 5, 2020.
             Slain by an orc (4 damage)
             ... on level 4 of the Dungeon.
             The game lasted 00:00:47 (248 turns).

lunkers the Sneak (Kobold Delver)                    Turns: 248, Time: 00:00:47

Health: 0/19       AC:  3    Str:  9    XL:     2   Next: 45%
Magic:  2/2        EV: 14    Int: 11    God:
Gold:   0          SH:  0    Dex: 16    Spells: 1/1 levels left

rFire    . . .     SeeInvis .   a - +0 short sword
rCold    . . .     Faith    .   (shield restricted)
rNeg     . . .     Spirit   .   b - +0 leather armour
rPois    .         Reflect  .   (no helmet)
rElec    .         Harm     .   (no cloak)
rCorr    .         Rampage  .   (no gloves)
MR       .....                  (no boots)
Stlth    ++++......             (no amulet)
HPRegen  0.06/turn              (no ring)
MPRegen  0.08/turn              (no ring)

@: no status effects
A: small, nightstalker 3
a: no special abilities


You were on level 4 of the Dungeon.
You visited 1 branch of the dungeon, and saw 2 of its levels.

Inventory:

Hand Weapons
 a - a +0 short sword (weapon)
Armour
 b - a +0 leather armour (worn)
Wands
 g - a wand of digging (3)
Scrolls
 c - a scroll of fog
 e - a scroll of fear
 h - a scroll of identify {unknown}
Potions
 f - a potion of haste


   Skills:
 - Level 3.2 Fighting
 + Level 3.3 Short Blades
 - Level 2.4 Dodging
 + Level 7.0 Stealth


You had one spell level left.
You didn't know any spells.
Your spell library was empty.

Dungeon Overview and Level Annotations

Branches:
Dungeon (5/15)
 Temple: D:4-7

Altars:
Fedhas
Yredelemnul


Innate Abilities, Weirdness & Mutations

You are small and have problems with some larger weapons.
You are completely attuned to the shadows.


Message History

The gnoll closely misses you. The orc hits you. The gnoll barely misses you.
Found 15 stones.
Found 12 bolts and 5 gold pieces.
A gnoll comes into view.
A gnoll comes into view. It is wielding a -1 spear.
Found a trident.
You see here 12 bolts.
The orc hits you but does no damage. The gnoll barely misses you.
The gnoll misses you. The gnoll closely misses you. The orc barely misses you.
The gnoll hits you from afar with a +0 halberd!
Ouch! That really hurt!
* * * LOW HITPOINT WARNING * * *
Found a hunting sling.
Found a basalt altar of Yredelemnul.
Found 21 stones.
The orc hits you.
You die...

.# #......... ##
#..g....#
.#####.......#
...#...).###g### .#
...#.##..###.g.# .#
.........##....###.#
..#........._......#
..##...###....##o.##
..##...# #...###@(#
..##...# ##. #..#
...# ...# ....#
######


You could see a gnoll and an orc.

Vanquished Creatures
  A hound skeleton (D:4)
1 creature vanquished.

Notes
Turn   | Place    | Note
-------+----------+-------------------------------------------
     0 | D:5      | lunkers the Kobold Delver began the quest for the Orb.
     0 | D:5      | Reached XP level 1. HP: 14/14 MP: 1/1
     7 | D:5      | Noticed a scorpion
    23 | D:5      | Noticed a phantom
   119 | D:4      | Reached skill level 7 in Stealth
   119 | D:4      | Reached XP level 2. HP: 9/19 MP: 2/2
   211 | D:4      | Found a blossoming altar of Fedhas.
   241 | D:4      | Found a basalt altar of Yredelemnul.
   248 | D:4      | Slain by an orc

Illustrated notes

Levels and vault maps discovered:
D:4:      layout_cave_pools, lemuel_crystal_altar,
          nicolae_overflow_crystal_walls, minmay_temple_entry_statues_fountains,
          serial_park, tgw_sif
D:5:      lemuel_ice_spiral_2, layout_rooms, enter_ossuary_3, serial_shops,
          nicolae_shop_stone, uniq_pikel

Skill      XL: |  1 |
---------------+----+-----
Short Blades   | 3 |  3.3
Stealth        | 7 |  7.0
Fighting       | |  3.2
Dodging        | |  2.4

Action                   || total
-------------------------++-------
Melee: Short sword       ||    16
  Use: Scroll            ||     1
Armor: Leather armour    ||     3
Dodge: Dodged            ||    21

Table legend: (Time is in decaauts)
 A = Elapsed time spent in this place.
 B = Non-inter-level travel time spent in this place.
 C = Inter-level travel time spent in this place.
 D = Time resting spent in this place.
 E = Time spent auto-exploring this place.
 F = Levels seen in this place.
 G = Mean time per level.
                   A        B        C        D        E       F      G
               +--------+--------+--------+--------+--------+-----+--------+
         Total |    247 |    247 |      0 |     74 |     76 |   2 |  123.5 |
       Dungeon |    247 |    247 |      0 |     74 |     76 |   2 |  123.5 |
               +--------+--------+--------+--------+--------+-----+--------+

Top non-repeatable levels by time:
     D:4: 218 daAuts
     D:5: 29 daAuts
